 Dungeon Crawl Stone Soup version 0.19.4-8-ga85b6b9 (webtiles) character file.

49 vatarom the Ruffian (level 3, 0/30 (31) HPs)
             Began as a Ghoul Chaos Knight on Feb 13, 2017.
             Slain by Sigmund
             ... wielding a +1 scythe of flaming
              (1 damage)
             ... on level 4 of the Dungeon.
             The game lasted 00:02:30 (1003 turns).

vatarom the Ruffian (Ghoul Chaos Knight)            Turns: 1003, Time: 00:02:32

HP:   0/30 (31)     AC:  5    Str: 15      XL:     3   Next: 75%
MP:   2/2           EV: 11    Int:  6 (7)  God:    Xom [..*...]
Gold: 105           SH:  0    Dex:  7 (9)  Spells: 0 memorised, 2 levels left

rFire  . . .     SeeInvis .       - Unarmed
rCold  + . .     Gourm    .     a - +2 leather armour
rNeg   + + +     Faith    .     (no shield)
rPois  ∞         Spirit   .     (no helmet)
rElec  .         Reflect  .     (no cloak)
rCorr  .         Harm     .     (no gloves)
MR     .....                    (no boots)
Stlth  +.........               (no amulet)
                                (no ring)
                                (no ring)

@: rotting
A: rotting body, claws 1, carnivore 3, cold resistance 1, negative energy
resistance 3, slow regeneration 1, torment resistance, unbreathing
a: Renounce Religion


You were on level 4 of the Dungeon.
You worshipped Xom.
You were a toy of Xom.
You were not hungry.

You visited 1 branch of the dungeon, and saw 3 of its levels.

You collected 105 gold pieces.

Inventory:

Armour
 a - a +2 leather armour (worn)
Scrolls
 d - 5 scrolls of identify
 e - 3 scrolls of remove curse
Comestibles
 b - a meat ration


   Skills:
 - Level 3.2 Fighting
 - Level 1.7 Armour
 * Level 1.6 Dodging
 - Level 4.7 Unarmed Combat


You had 2 spell levels left.
You didn't know any spells.

Dungeon Overview and Level Annotations

Branches:
Dungeon (2/15)

Altars:

Shops:
D:4 }

Annotations:
D:4 Sigmund


Innate Abilities, Weirdness & Mutations

Your body is rotting away.
You thrive on raw meat.
You are immune to poison.
You have sharp fingernails.
You are carnivorous and can eat meat at any time.
Your flesh is cold resistant. (rC+)
You are immune to negative energy. (rN+++)
You regenerate slowly when monsters are visible.
You are immune to unholy pain and torment.
You can survive without breathing.


Message History

2 jackals come into view.
The jackal barks! x2; You hear a bark!
Sigmund gestures wildly while chanting.
Sigmund flickers and vanishes!
Deactivating autopickup; reactivate with Ctrl-A.
Found a scroll of identify. 2 jackals come into view.
The jackal barely misses you. x2
Found a smoking robe.
You barely miss the jackal. The jackal closely misses you.
The jackal misses you. The jackal barely misses you.
The jackal bites you but does no damage.
You closely miss the jackal.
The jackal bites you but does no damage.
The jackal misses you. The jackal closely misses you.
The jackal bites you but does no damage.
Something hits you.
* * * LOW HITPOINT WARNING * * *
Something burns you.
You die...

### ... .####.#
..?...h### #..hh@.####
#.#.h#.#..
#...........#.#.#
#.##.#.####.#o#.##
.##.##.#.####[#..[o######
......#... ..###.......#
#......########.##.....(
####................#
.....
##.##.##.......{##.###
....


You could see an orc and 4 jackals.

Vanquished Creatures
  An adder (D:4)
  2 oozes (D:1)
  A worm (D:1)
  2 dart slugs (D:1)
  A leopard gecko (D:1)
  2 goblins (D:1)
  3 hobgoblins (D:1)
  2 jackals (D:1)
  3 kobolds (D:1)
  A ball python (D:1)
  2 bats (D:1)
  5 rats (D:1)
25 creatures vanquished.

Notes
Turn   | Place    | Note
-------+----------+-------------------------------------------
     0 | D:1      | vatarom the Ghoul Chaos Knight began the quest for the Orb.
     0 | D:1      | Reached XP level 1. HP: 19/19 MP: 0/0
    53 | D:1      | Reached XP level 2. HP: 21/26 MP: 1/1
    54 | D:1      | Reached skill level 4 in Unarmed Combat
   150 | D:1      | XOM: silly message
   192 | D:1      | XOM: harmless Divn miscast
   242 | D:1      | XOM: divination: detect creatures
   296 | D:1      | XOM: divination: detect items
   309 | D:1      | XOM: harmless Chrm miscast
   343 | D:1      | XOM: potion effect (brilliance)
   346 | D:1      | Reached XP level 3. HP: 30/31 MP: 2/2
   509 | D:1      | XOM: silly message
   695 | D:1      | Reached skill level 1 in Dodging
   920 | D:2      | You fall through a shaft for 2 floors!
   920 | D:4      | Noticed Sigmund
   946 | D:4      | XOM: butterfly on damage
   961 | D:4      | Found Uggakah's Gadget Emporium.
  1003 | D:4      | HP: 1/30 [something (6)]
  1003 | D:4      | Slain by Sigmund

Skill      XL: |  1  2  3 |
---------------+----------+-----
Unarmed Combat | 4 |  4.7
Dodging        | 1 |  1.6
Fighting       | |  3.2
Armour         | |  1.7

Action                   || total
-------------------------++-------
Melee: Unarmed           ||    86
       Punch             ||     2
  Use: Scroll            ||     5
       Potion            ||     4
  Eat: Chunk             ||     2
Armor: Leather armour    ||    17
Dodge: Dodged            ||    50
